 Dungeon Crawl Stone Soup version 0.17-a0-512-gd6a67cc (webtiles) character file.

452 Fluffy the Slasher (level 6, -9/46 HPs)
             Began as a Demonspawn Gladiator on Apr 11, 2015.
             Was an Initiate of Makhleb.
             Killed from afar by Ijyb (12 damage)
             ... with a wand of cold
             ... on level 4 of the Dungeon.
             The game lasted 00:09:15 (3746 turns).

Fluffy the Slasher (Demonspawn Gladiator)           Turns: 3746, Time: 00:09:16

Health: -9/46      AC: 12    Str: 17    XL:     6   Next: 75%
Magic:  0/7        EV:  0    Int:  9    God:    Makhleb [......]
Gold:   186        SH: 11    Dex: 14    Spells: 0 memorised, 5 levels left

rFire  + . .     SeeInvis .     a - +0 long sword
rCold  . . .     Clarity  .     h - +0 plate armour
rNeg   + . .     SustAb   .     n - +0 large shield (curse)
rPois  .         Gourm    .     c - +1 helmet
rElec  .         Spirit   +     (no cloak)
rCorr  .         Warding  .     (no gloves)
rMut   .         Stasis   .     (no boots)
MR     .....                    g - amulet of guardian spirit (curse)
Stlth  ..........               r - ring of positive energy
                                l - ring of protection from fire

@: very slightly contaminated, invisible, not resistant to hostile enchantments,
extremely unstealthy
A: hooves 1, powered by pain 2
a: Renounce Religion


You were on level 4 of the Dungeon.
You worshipped Makhleb.
Makhleb was noncommittal.
You were very hungry.

You visited 1 branch of the dungeon, and saw 4 of its levels.

You collected 186 gold pieces.

Inventory:

Hand weapons
 a - a +0 long sword (weapon)
Missiles
 d - 3 throwing nets (quivered)
Armour
 c - a +1 helmet (worn)
 h - a +0 plate armour (worn)
 n - a cursed +0 large shield (worn)
Jewellery
 g - a cursed amulet of guardian spirit (around neck)
 l - a ring of protection from fire (left hand)
 r - a ring of positive energy (right hand)
Magical devices
 p - a wand of slowing (13)
Scrolls
 k - a scroll of teleportation
 o - a scroll of identify
Comestibles
 b - 9 fruits
 f - 3 bread rations
 i - a beef jerky
 j - 3 meat rations
 m - a royal jelly


   Skills:
 + Level 2.5 Fighting
 + Level 6.4 Long Blades
 - Level 1.7 Throwing
 + Level 1.5 Armour
 - Level 2.6 Dodging
 + Level 1.3 Invocations


You had 5 spell levels left.
You didn't know any spells.

Dungeon Overview and Level Annotations

Branches:
Dungeon (4/15)
 Temple: D:4-7

Altars:
Makhleb
Xom

Annotations:
D:4 Ijyb


Innate Abilities, Weirdness & Mutations

You have large cloven feet.
You sometimes gain power by taking damage.


Message History

The goblin shouts!
Ijyb zaps a wand.
You see here a club.
You closely miss the goblin. You kick the goblin, but do no damage.
The goblin hits you.
* * * LOW HITPOINT WARNING * * *
The goblin hits you but does no damage. You block the goblin's attack.
You aren't carrying any potions.
Unknown command.
Read which item? (? for menu, Esc to quit)
As you read the scroll of fear, it crumbles to dust.
You assume a fearsome visage.
Ijyb looks frightened!
The goblin looks frightened! x2
You are feeling very hungry.
Ijyb zaps a wand.
The bolt of cold hits the goblin.
The goblin dies!
Ijyb shouts!
Ijyb screams, "Me stronger than you!"
Ijyb zaps a wand.
The bolt of cold hits you!
You die...

## ## #.# ..####...########?##
#......#..##.. ...# # #.)..##.#
#..#
..##.#####.#.##.####g.########
#..........#....g).g(....8.8.8.
..##.####.......>)##.g(.....g.g
# #.<..........##.......g
####.####[#.....@.#### .......
..................# $.%.=.g
####...)........?g.... .......
#............#.#### ..8.8.
##..####.#####.# .#### #.. #.#
#(# .# #.. #.# #.# . #. #<# #.#
.. ..# #.#


You could see Ijyb and 2 goblins.

Vanquished Creatures
  The ghost of rndguy the Conjurer, an average DrCj (D:3)
  2 crimson imps (D:3)
  An orc priest (D:4)
  Natasha (twice) (D:2)
  9 adders
  4 gnolls (D:3)
  A shadow imp (D:3)
  3 worms (D:2)
  3 giant geckos
  2 oozes
  2 orcs
  A ball python (D:1)
  8 giant cockroaches
  9 hobgoblins
  9 kobolds
  A quokka (D:2)
  7 bats
  2 giant newts
  14 goblins
  15 rats
96 creatures vanquished.

Vanquished Creatures (others)
  2 goblins (D:4)
2 creatures vanquished.

Grand Total: 98 creatures vanquished

Notes
Turn   | Place    | Note
--------------------------------------------------------------
     0 | D:1      | Fluffy, the Demonspawn Gladiator, began the quest for the Orb.
     0 | D:1      | Reached XP level 1. HP: 16/16 MP: 1/1
   110 | D:1      | Reached skill level 3 in Long Blades
   352 | D:1      | Gained mutation: You sometimes gain a little power by taking damage. [demonic ancestry]
   352 | D:1      | Reached XP level 2. HP: 17/22 MP: 2/2
   677 | D:1      | Reached XP level 3. HP: 14/27 MP: 3/3
  1149 | D:2      | Reached skill level 4 in Long Blades
  1248 | D:2      | Reached XP level 4. HP: 33/33 MP: 4/4
  1530 | D:2      | Reached skill level 5 in Long Blades
  1660 | D:2      | Noticed Natasha
  1677 | D:2      | Killed Natasha
  1677 | D:2      | Gained mutation: You have large cloven feet. [demonic ancestry]
  1677 | D:2      | Reached XP level 5. HP: 3/38 MP: 0/5
  2229 | D:2      | Noticed Natasha
  2233 | D:2      | Killed Natasha
  2581 | D:3      | Noticed rndguy's ghost (average DrCj)
  2614 | D:3      | Killed rndguy's ghost
  2614 | D:3      | Reached skill level 6 in Long Blades
  2614 | D:3      | Gained mutation: You sometimes gain power by taking damage. [demonic ancestry]
  2614 | D:3      | Reached XP level 6. HP: 11/44 MP: 3/6
  3258 | D:3      | Found a burning altar of Makhleb.
  3259 | D:3      | Found a shimmering altar of Xom.
  3297 | D:3      | Reached skill level 1 in Armour
  3318 | D:3      | Became a worshipper of Makhleb the Destroyer
  3674 | D:3      | Reached skill level 1 in Invocations
  3718 | D:4      | Noticed Ijyb
  3736 | D:4      | HP: 1/46 [Ijyb/wand of cold (18)]
  3743 | D:4      | HP: 2/46 [goblin (2)]
  3746 | D:4      | Killed from afar by Ijyb

Action                   |  1- 3 |  4- 6 || total
-------------------------+-------+-------++-------
Melee: Long sword        |   130 |   293 ||   423
  Use: Scroll            |     1 |    11 ||    12
       Potion            |       |     2 ||     2
 Stab: Invisible         |       |     1 ||     1
  Eat: Chunk             |     1 |     8 ||     9
